 Dungeon Crawl Stone Soup version 0.19.4 (webtiles) character file.

138 Kiturien the Shield-Bearer (level 5, -4/46 HPs)
             Began as a Hill Orc Fighter on Feb 2, 2017.
             Was a Follower of Qazlal.
             Slain by a gnoll
             ... wielding a +0 halberd
              (13 damage)
             ... on level 3 of the Dungeon.
             The game lasted 00:04:46 (1617 turns).

Kiturien the Shield-Bearer (Hill Orc Fighter)       Turns: 1617, Time: 00:04:48

Health: -4/46      AC:  8    Str: 20    XL:     5   Next: 21%
Magic:  5/5        EV:  8    Int:  8    God:    Qazlal [*.....]
Gold:   50         SH: 11    Dex: 10    Spells: 0 memorised, 4 levels left

rFire  . . .     SeeInvis .     n - +2 hand axe (chop)
rCold  + . .     Gourm    .     b - +0 scale mail
rNeg   . . .     Faith    .     c - +0 shield
rPois  .         Spirit   .     (no helmet)
rElec  .         Reflect  .     (no cloak)
rCorr  .         Harm     .     s - +0 pair of gloves
MR     .....                    (no boots)
Stlth  ..........               (no amulet)
                                (no ring)
                                q - ring of protection from cold

@: no status effects
A: no striking features
a: Renounce Religion


You were on level 3 of the Dungeon.
You worshipped Qazlal.
Qazlal was aware of your devotion.
You were not hungry.

You visited 1 branch of the dungeon, and saw 3 of its levels.

You collected 50 gold pieces.

Inventory:

Hand Weapons
 a - a +0 war axe
 n - a +2 hand axe of chopping (weapon)
Armour
 b - a +0 scale mail (worn)
 c - a +0 shield (worn)
 s - a +0 pair of gloves (worn)
Jewellery
 q - a ring of protection from cold (left hand)
Scrolls
 e - a scroll of remove curse
 l - a scroll of immolation {unknown}
 o - 2 scrolls of noise {unknown}
 r - a scroll of amnesia {unknown}
 t - a scroll of identify {unknown}
Potions
 d - a potion of might
 i - a potion of mutation {unknown}
 j - a potion of ambrosia
 k - a potion of haste {unknown}
 m - a potion of berserk rage {unknown}
Comestibles
 f - 2 bread rations
 g - a slice of pizza
 h - 9 fruits
 p - 2 meat rations


   Skills:
 - Level 4.0 Fighting
 - Level 3.1 Axes
 - Level 3.5 Armour
 - Level 2.4 Dodging
 + Level 4.4 Shields


You had 4 spell levels left.
You didn't know any spells.

Dungeon Overview and Level Annotations

Branches:
Dungeon (3/15)

Altars:
Qazlal
Trog


Message History

You see here a throwing net.
You hit the gnoll.
The gnoll is moderately wounded.
The gnoll hits you with a flail.
* * * LOW HITPOINT WARNING * * *
You hit the gnoll.
The gnoll is heavily wounded.
You hit the gnoll but do no damage. You hit the gnoll but do no damage.
You block the gnoll's attack.
You closely miss the gnoll. You hit the gnoll. The gnoll misses you.
The gnoll closely misses you.
You barely miss the gnoll. You hit the gnoll. You block the gnoll's attack.
The gnoll barely misses you.
You slash the gnoll!
The gnoll is severely wounded.
You hit the gnoll.
You kill the gnoll!
Qazlal accepts your kill. The gnoll hits you with a halberd!
You die...

#.#.######## #.
#.(........####.
###'#######...... ..
#.....# ###.##. #.
#.....# #.##. #.
#.....#######.##. ..
#.....#..........
#.######.♣.♣.######...##
#.#...g@.♣.♣......#...#
#)#...g♣♣♣.♣♣♣....#..)#
#.'.).............'...##
###...)♣♣♣.♣♣♣....#.....
#...†.g♣.♣.†....#.#.##
######.♣.♣.######....#
#.....# ###..# #.....#
#..# #.....# #..#


You could see 2 gnolls.

Vanquished Creatures
  An orc wizard (D:3)
  2 gnolls (D:3)
  An adder (D:2)
  An ooze (D:2)
  4 worms
  3 dart slugs
  2 leopard geckos (D:1)
  2 orcs (D:3)
  A giant cockroach (D:1)
  7 goblins
  8 hobgoblins
  6 jackals
  6 bats
  2 frilled lizards (D:2)
  2 kobolds
  7 rats
55 creatures vanquished.

Notes
Turn   | Place    | Note
-------+----------+-------------------------------------------
     0 | D:1      | Kiturien the Hill Orc Fighter began the quest for the Orb.
     0 | D:1      | Reached XP level 1. HP: 19/19 MP: 1/1
   150 | D:1      | Reached XP level 2. HP: 27/27 MP: 2/2
   424 | D:1      | Reached XP level 3. HP: 30/33 MP: 3/3
   654 | D:2      | Found a stormy altar of Qazlal.
   661 | D:2      | Became a worshipper of Qazlal Stormbringer
   686 | D:2      | Found a bloodstained altar of Trog.
  1091 | D:2      | Reached skill level 1 in Dodging
  1208 | D:2      | Reached XP level 4. HP: 40/40 MP: 4/4
  1420 | D:3      | Reached * piety under Qazlal
  1537 | D:3      | Reached XP level 5. HP: 21/46 MP: 5/5
  1617 | D:3      | Slain by a gnoll

Skill      XL: |  1  2  3  4 |
---------------+-------------+-----
Axes           | 3 |  3.1
Shields        | 4 |  4.4
Fighting       | 4 |  4.0
Dodging        | 1 2 |  2.4
Armour         | |  3.5

Action                   |  1- 3 |  4- 6 || total
-------------------------+-------+-------++-------
Melee: War axe           |    67 |       ||    67
       Hand axe          |    50 |    63 ||   113
  Use: Scroll            |     1 |       ||     1
       Potion            |     1 |       ||     1
  Eat: Royal jelly       |     1 |       ||     1
       Pizza             |       |     1 ||     1
Armor: Scale mail        |    53 |    11 ||    64
Dodge: Dodged            |    39 |    18 ||    57
Block: Shield            |    59 |    21 ||    80
